Map: Ever Dream LE

Players

metasystem - Winner!

  • Race: Protoss Protoss
  • League: Gold
  • Spawn Location: 1:00

poutinepower

  • Race: Protoss Protoss
  • League: Gold
  • Spawn Location: 7:00

VOD

Have the link to the VOD?

Description

Time

  • Played on: Aug. 4, 2020, 3:02 a.m.
  • Length: 12:28
Show
View Real Time Build Order
Export as new Build Order

metasystem Protoss - Winner!

Build Orders: 1 Gate Expand 

Get SALT Encoding   

  12  0:00  Probe  
  13  0:12  Probe (Chrono Boost)  
  14  0:21  Pylon  
  14  0:23  Probe (Chrono Boost)  
  15  0:39  Probe  
  16  0:46  Gateway  
  16  0:51  Probe  
  17  1:03  Probe  
  18  1:14  Nexus  
  18  1:17  Probe  
  19  1:29  Probe  
  20  1:34  Zealot  
  22  1:41  Probe  
  22  1:46  Gateway  
  23  2:09  Pylon x2  
  23  2:20  Gateway  
  23  2:25  Probe, Zealot  
  26  2:30  Probe  
  26  2:34  Zealot  
  29  2:37  Probe  
  29  2:43  Probe (Chrono Boost)  
  31  2:54  Probe (Chrono Boost), Nexus  
  31  2:55  Probe (Chrono Boost)  
  31  2:57  Zealot  
  35  3:03  Zealot  
  35  3:04  Probe x2 (Chrono Boost)  
  37  3:10  Zealot  
  41  3:16  Probe x2  
  43  3:25  Pylon  
  43  3:28  Probe x2, Pylon  
  45  3:38  Zealot x2  
  45  3:39  Zealot  
  45  3:40  Probe (Chrono Boost)  
  52  3:47  Probe (Chrono Boost)  
  53  3:52  Probe (Chrono Boost)  
  54  3:57  Probe (Chrono Boost)  
  55  4:05  Zealot  
  55  4:06  Zealot  
  60  4:10  Probe  
  60  4:11  Probe, Gateway  
  60  4:12  Probe, Gateway  
  60  4:15  Gateway  
  62  4:22  Probe  
  62  4:23  Probe  
  62  4:25  Probe  
  63  4:34  Probe  
  63  4:35  Probe  
  63  4:37  Probe  
  66  4:39  Zealot x3  
  72  4:46  Probe  
  72  4:47  Probe  
  72  4:49  Probe  
  75  4:55  Pylon  
  75  4:56  Pylon  
  75  4:57  Pylon  
  75  4:58  Probe  
  72  5:00  Probe  
  72  5:01  Probe  
  72  5:02  Zealot x2  
  72  5:03  Zealot  
  72  5:06  Zealot x2  
  72  5:07  Zealot  
  84  5:14  Probe x3  
  85  5:29  Zealot, Nexus  
  85  5:33  Zealot x2  
  85  5:34  Gateway x2  
  85  5:35  Zealot  
  91  5:38  Gateway  
  91  5:40  Gateway  
  91  5:41  Zealot x2  
  95  5:46  Probe x3  
  94  5:56  Zealot  
  92  5:58  Probe x2  
  92  6:00  Pylon  
  92  6:01  Zealot, Pylon  
  92  6:02  Zealot x2  
  98  6:08  Zealot x2  
  102  6:24  Zealot  
  104  6:28  Zealot x4  
  104  6:29  Zealot x3  
  118  6:35  Zealot x2  
  118  6:39  Probe x2  
  124  6:40  Probe  
  121  6:51  Probe x2, Zealot  
  123  6:55  Zealot x4  
  123  6:56  Zealot x3  
  123  6:59  Probe  
  138  7:02  Zealot  
  138  7:04  Zealot, Probe  
  133  7:18  Zealot  
  133  7:20  Probe  
  133  7:22  Zealot x3  
  138  7:23  Zealot  
  138  7:27  Zealot  
  138  7:29  Pylon  
  140  7:30  Pylon  
  140  7:32  Zealot, Pylon  
  140  7:33  Pylon  
  140  7:34  Pylon  
  140  7:36  Pylon  
  140  7:37  Zealot x2, Pylon  
  140  7:39  Zealot, Pylon  
  138  7:45  Zealot  
  138  7:49  Zealot x2  
  138  7:50  Zealot x2  
  146  7:54  Zealot  
  144  7:59  Zealot  
  144  8:04  Zealot x2  
  144  8:06  Zealot  
  144  8:12  Zealot  
  148  8:16  Zealot  
  148  8:17  Zealot x2  
  148  8:18  Zealot  
  156  8:21  Zealot  
  156  8:26  Zealot  
  160  8:27  Nexus  
  160  8:31  Zealot x2  
  160  8:33  Zealot  
  166  8:39  Zealot  
  168  8:43  Zealot  
  168  8:44  Zealot x2  
  168  8:45  Zealot  
  168  8:48  Zealot  
  178  8:53  Zealot  
  180  8:58  Zealot x2  
  180  9:00  Zealot  
  180  9:02  Cybernetics Core  
  144  9:48  Probe  
  144  9:49  Probe  
  144  9:50  Zealot x3  
  144  9:51  Zealot x7  
  146  10:17  Zealot x2  
  146  10:18  Zealot x8  
  146  10:21  Forge  
  162  10:44  Zealot x2  
  162  10:45  Zealot x6  
  162  10:46  Zealot x2  
  182  10:55  Photon Cannon x2  
  182  10:57  Photon Cannon  
  182  11:01  Photon Cannon  
  182  11:08  Photon Cannon  
  182  11:10  Photon Cannon  
  182  11:11  Zealot  
  182  11:12  Zealot x4, Photon Cannon  
  182  11:13  Zealot x4, Photon Cannon  
  182  11:16  Photon Cannon  
  182  11:18  Photon Cannon  
  198  11:25  Photon Cannon  
  198  11:26  Photon Cannon  
Show
View Real Time Build Order
Export as new Build Order

poutinepower Protoss 

Build Orders:  

Get SALT Encoding   

  12  0:17  Pylon  
  12  0:20  Probe (Chrono Boost)  
  13  0:30  Probe (Chrono Boost)  
  14  0:35  Probe (Chrono Boost)  
  14  0:42  Forge  
  15  0:47  Probe  
  16  0:59  Probe  
  16  1:03  Gateway  
  17  1:21  Photon Cannon  
  17  1:29  Photon Cannon  
  17  1:54  Nexus  
  17  1:59  Assimilator  
  17  2:02  Probe (Chrono Boost)  
  17  2:04  Assimilator  
  18  2:12  Probe (Chrono Boost)  
  18  2:13  Pylon  
  19  2:17  Probe (Chrono Boost)  
  20  2:28  Probe (Chrono Boost)  
  21  2:36  Cybernetics Core  
  22  2:37  Probe (Chrono Boost)  
  22  2:43  Probe (Chrono Boost)  
  23  2:58  Pylon  
  23  3:06  Probe (Chrono Boost)  
  24  3:16  Probe (Chrono Boost)  
  24  3:18  Stargate  
  25  3:21  Probe (Chrono Boost)  
  25  3:23  Pylon  
  26  3:32  Stargate  
  26  3:33  Probe  
  27  3:40  Assimilator  
  27  3:45  Probe (Chrono Boost)  
  29  3:55  Probe (Chrono Boost)  
  29  4:00  Probe (Chrono Boost)  
  29  4:01  Nexus  
  30  4:09  Void Ray  
  30  4:16  Probe (Chrono Boost)  
  35  4:25  Assimilator  
  35  4:26  Probe (Chrono Boost)  
  35  4:31  Probe (Chrono Boost)  
  36  4:33  Void Ray  
  35  5:09  Void Ray  
  23  5:25  Probe (Chrono Boost)  
  25  5:36  Probe (Chrono Boost)  
  25  5:40  Probe (Chrono Boost)  
  26  5:45  Void Ray  
  30  6:00  Probe  
  31  6:12  Probe, Pylon  
  33  6:26  Probe (Chrono Boost)  
  33  6:29  Probe (Chrono Boost)  
  34  6:36  Probe (Chrono Boost)  
  35  6:41  Probe (Chrono Boost)  
  35  6:44  Forge  
  36  7:13  Gateway  
  36  7:24  Photon Cannon  
  36  7:26  Photon Cannon  
  34  7:56  Probe (Chrono Boost)  
  36  8:06  Probe (Chrono Boost)  
  36  8:14  Probe (Chrono Boost)  
  36  8:16  Probe (Chrono Boost), Photon Cannon  
  38  8:26  Probe (Chrono Boost)  
  40  8:27  Probe (Chrono Boost)  
  40  8:31  Probe (Chrono Boost), Photon Cannon  
  41  8:35  Probe  
  42  8:42  Photon Cannon  
  42  8:54  Probe (Chrono Boost)  
  44  9:04  Probe (Chrono Boost)  
  44  9:05  Probe (Chrono Boost)  
  45  9:12  Probe (Chrono Boost)  
  45  9:13  Probe (Chrono Boost)  
  47  9:17  Probe (Chrono Boost)  
  47  10:08  Pylon  
  47  10:13  Pylon  
  39  10:32  Stargate  
  38  10:36  Stargate  
  38  10:38  Stargate  
  38  10:43  Stargate  
  38  10:46  Pylon  
  38  10:47  Pylon  
  38  10:54  Pylon  
  38  11:22  Void Ray  
  38  11:23  Void Ray  
  50  11:27  Void Ray  
  50  11:32  Pylon  
  54  11:36  Pylon  
Tags
 
League
GoldGold
Matchup
PvP
Spawn Locations
Cross Positions
Add a new tag
Caveats
  • Supply blocks, unpowered buildings, or Contaminate may cause inaccurate times.
  • Supply counts are checked every 10 seconds.